 Dungeon Crawl Stone Soup version 0.20.0-8-g6b59dc7 (webtiles) character file.

16081 shklvsk the Grappler (level 12, -1/118 HPs)
             Began as a Troll Wanderer on May 30, 2017.
             Was a High Priest of Cheibriados.
             Slain by a cyan ugly thing (14 damage)
             ... on level 12 of the Dungeon.
             The game lasted 00:26:12 (10885 turns).

shklvsk the Grappler (Troll Wanderer)              Turns: 10885, Time: 00:26:13

Health: -1/118     AC:  7    Str: 38    XL:     12   Next: 6%
Magic:  7/16       EV: 18    Int: 26    God:    Cheibriados [*****.]
Gold:   668        SH:  0    Dex: 23    Spells: 13/13 levels left

rFire    . . .     SeeInvis .     - Unarmed
rCold    . . .     Gourm    +   (no shield)
rNeg     . . .     Faith    +   c - +1 robe
rPois    .         Spirit   .   C - +1 hat
rElec    .         Reflect  .   (no cloak)
rCorr    .         Harm     .   (gloves unavailable)
MR       .....                  (boots unavailable)
Stlth    ++........             d - amulet of faith {Faith, !P}
Regen    0.7/turn               p - +4 ring of evasion
MPRegen  0.2/turn               m - +4 ring of strength

@: very slow
A: unfitting armour, claws 3, fast metabolism 3, gourmand, regeneration 1,
shaggy fur 1, tough skin 2
a: Bend Time, Temporal Distortion, Slouch, Step From Time, Renounce Religion


You were on level 12 of the Dungeon.
You worshipped Cheibriados.
Cheibriados was extremely pleased with you.
You were not hungry.

You visited 2 branches of the dungeon, and saw 13 of its levels.

You collected 700 gold pieces.
You spent 32 gold pieces at shops.

Inventory:

Hand Weapons
 J - a +0 blowgun
   (You took it off a kobold on level 7 of the Dungeon)
Missiles
 o - 99 stones (quivered)
 y - 44 poisoned needles
 B - 5 tomahawks
 F - 2 javelins
Armour
 c - a +1 robe (worn)
 C - a +1 hat (worn)
   (You acquired it on level 10 of the Dungeon)
Jewellery
 d - an amulet of faith (around neck) {Faith, !P}
   (You found it on level 1 of the Dungeon)
 m - a +4 ring of strength (right claw)
   (You found it on level 2 of the Dungeon)
 p - a +4 ring of evasion (left claw)
   (You found it on level 3 of the Dungeon)
 v - an uncursed ring of flight {+Fly, !d}
   (You found it on level 6 of the Dungeon)
 A - an uncursed ring of positive energy {rN+}
   (You found it on level 9 of the Dungeon)
 D - an uncursed ring of wizardry {Wiz+, !d}
   (You found it on level 10 of the Dungeon)
Wands
 j - a wand of paralysis (6/24)
   (You took it off an orc warrior on level 11 of the Dungeon)
 l - a wand of flame (31/48)
   (You found it on level 7 of the Dungeon)
 E - a wand of confusion (32/48)
   (You found it on level 10 of the Dungeon)
Scrolls
 b - 5 scrolls of teleportation
 k - 2 scrolls of enchant weapon
 n - 2 scrolls of identify
 q - 4 scrolls of amnesia
 r - 2 scrolls of enchant armour
 w - a scroll of remove curse
Potions
 e - a potion of magic
 i - 2 potions of cancellation
 s - 2 potions of flight
 u - a potion of haste
 G - a potion of brilliance
 I - a potion of mutation {unknown}
Books
 x - a book of Changes
   (You found it on level 7 of the Dungeon)
 H - a book of Enchantments
   (You found it on level 11 of the Dungeon)
Miscellaneous
 a - a box of beasts
Comestibles
 f - 3 bread rations {@e1}
 g - 13 royal jellies
 t - 3 meat rations {@e2}
 z - 7 fruits


   Skills:
 + Level 7.1 Fighting
   Level 1.0 Short Blades
 + Level 3.6 Armour
 + Level 5.8 Dodging
   Level 1.0 Shields
 * Level 12.4 Unarmed Combat
 - Level 1.0 Spellcasting
   Level 1.2 Charms
   Level 1.2 Air Magic
 * Level 7.9 Invocations
 * Level 3.1 Evocations


You had 13 spell levels left.
You didn't know any spells.

Dungeon Overview and Level Annotations

Branches:
Dungeon (12/15)            Temple (1/1) D:5            Lair (0/6) D:8
    Orc (0/2) D:10

Altars:
Ashenzari
Cheibriados
Dithmenos
Elyvilon
Fedhas
Gozag
Hepliaklqana
Kikubaaqudgha
Makhleb
Nemelex Xobeh
Okawaru
Qazlal
Ru
Sif Muna
Trog
Uskayaw
Vehumet
Xom
Yredelemnul
Zin
The Shining One

Shops:
D:5 (   D:9 =

Annotations:
D:4 Blork the orc
D:11 exclusion: ugly thing


Innate Abilities, Weirdness & Mutations

You are too large for most types of armour.
You have claws for hands.
Your metabolism is lightning-fast.
You like to eat raw meat.
Your natural rate of healing is unusually fast.
You are covered in fur. (AC +1)
You have very tough skin. (AC +2)


Message History

The bullfrog skeleton completely misses you.
The orc completely misses you.
You claw the bullfrog skeleton!
You destroy the bullfrog skeleton!
Cheibriados appreciates the change of pace.
You scratch the orc but do no damage. The orc barely misses you.
You closely miss the orc. The orc closely misses you.
You scratch the orc. You closely miss the orc. The orc barely misses you.
You mangle the orc!!
You kill the orc!
Cheibriados appreciates the change of pace.
No target in view!
Things that are here:
a falchion; a ring mail You open the door.
There is an open door here.
An orc priest comes into view. It is wielding a mace.
Found a stone staircase leading up.
An orc warrior comes into view. It is wielding a trident.
The orc warrior shouts!
The orc priest shouts!
The orc priest hits you but does no damage.
An orc comes into view. It is wielding a flail.
The orc shouts!
You scratch the orc priest but do no damage.
You claw the orc priest, but do no damage.
The orc priest hits you with a mace. The orc warrior completely misses you.
A bullfrog and an orc wizard come into view.
You take 4 damage, and have 114/118 hp.
You completely miss the orc priest.
The orc wizard moves out of view.
The orc priest mumbles some strange prayers to Beogh against you.
Beogh smites you!
An orc comes into view. It is wielding a dagger.
The orc shouts!
You take 8 damage, and have 106/118 hp.
You closely miss the orc priest. The orc warrior closely misses you.
The orc priest completely misses you.
A cyan ugly thing comes into view.
The cyan ugly thing gurgles horribly!
You eviscerate the orc priest!!!
You kill the orc priest!
Cheibriados appreciates the change of pace.
The orc warrior closely misses you. The bullfrog barely misses you.
The orc warrior barely misses you. The orc barely misses you.
The bullfrog closely misses you.
The orc warrior hits you but does no damage.
Things that are here:
a mace; a leather armour The orc wizard shouts!
You mangle the bullfrog!!
You kill the bullfrog!
Cheibriados thoroughly appreciates the change of pace.
The orc misses you.
The orc warrior hits you from afar with a trident! x2
The orc closely misses you.
You take 20 damage, and have 89/118 hp.
You regained 2 hp, and now have 91/118 hp.
You can feel time thicken for a moment.
You kill the orc wizard!
Cheibriados thoroughly appreciates the change of pace.
Cheibriados raises the support of your attributes as your movement slows.
You kill the orc!
Cheibriados appreciates the change of pace.
You kill the orc!
Cheibriados appreciates the change of pace.
You feel somewhat more hungry.
Cheibriados lowers the support of your attributes as your movement quickens.
The orc warrior hits you from afar with a trident!
The cyan ugly thing claws you. The cyan ugly thing shocks you!
You take 33 damage, and have 58/118 hp.
MASSIVE DAMAGE!!
You now have 11/16 mp.
You can feel time thicken for a moment.
You kill the orc warrior!
Cheibriados thoroughly appreciates the change of pace.
You feel somewhat more hungry.
Cheibriados lowers the support of your attributes as your movement quickens.
The cyan ugly thing completely misses you.
You now have 6/16 mp.
Unknown command.
You closely miss the cyan ugly thing. The cyan ugly thing claws you.
The cyan ugly thing shocks you!
You take 19 damage, and have 40/118 hp.
You barely miss the cyan ugly thing.
The cyan ugly thing claws you but does no damage.
Unknown command.
You scratch the cyan ugly thing. You closely miss the cyan ugly thing.
The cyan ugly thing claws you!
* * * LOW HITPOINT WARNING * * *
The cyan ugly thing shocks you!
* * * LOW HITPOINT WARNING * * *
You take 23 damage, and have 18/118 hp.
Unknown command.
Aim: a cyan ugly thing (severely wounded, chance to defeat MR: 37%)
Okay, then.
You fail to use your ability.
The cyan ugly thing claws you.
* * * LOW HITPOINT WARNING * * *
The cyan ugly thing shocks you!
You die...

#...#..## ## . #...
...# #< # ..
#...##..##...#
.$.#........#.♣.#
......##..##...#
..##........#..#
......).....?######
#..))u@...##...##
#..)###.♣.'..♣.<#
.............##..)##
.....#####.#.######
..... ....#+ .###
###.# #.# #.#


You could see a cyan ugly thing.

Vanquished Creatures
  4 two-headed ogres
  A queen ant (D:9)
  Pikel (D:4)
  An ugly thing (D:11)
  A centaur zombie (D:11)
  A centaur skeleton (D:11)
  A kobold demonologist (D:11)
  2 trolls
  Grinder (D:4)
  4 hornets
  7 hippogriffs
  3 wyverns
  6 yaks (D:11)
  A wraith (D:6)
  2 hungry ghosts (D:7)
  11 soldier ants
  An acid dragon (D:11)
  3 orc warriors
  A sky beast (D:8)
  2 slaves (D:4)
  A hornet zombie (D:11)
  An ice beast (D:7)
  A phantom (D:10)
  6 ogres
  6 centaurs
  3 big kobolds
  10 bullfrogs
  A wyvern zombie (D:10)
  A water moccasin zombie (D:8)
  4 scorpions
  6 killer bees
  A howler monkey (D:9)
  2 crimson imps
  A bullfrog zombie (D:8)
  3 jellies
  5 hounds
  2 bullfrog skeletons
  7 orc priests
  6 iguanas
  17 orc wizards
  41 worker ants
  2 worker ant zombies
  4 gnolls (D:8)
  A howler monkey skeleton (D:9)
  8 adders
  4 shadow imps
  3 oozes
  2 adder skeletons
  2 adder zombies (D:6)
  A worm (D:8)
  3 dart slugs
  2 leopard geckos
  31 orcs
  8 bats
  2 giant cockroaches
  5 hobgoblins
  3 jackals (D:6)
  6 quokkas
  A ball python (D:1)
  3 frilled lizards
  A giant cockroach zombie (D:5)
  4 goblins
  23 kobolds
  A quokka zombie (D:8)
  7 rats
306 creatures vanquished.

Vanquished Creatures (others)
  12 fungi (D:4)
12 creatures vanquished.

Grand Total: 318 creatures vanquished

Notes
Turn   | Place    | Note
-------+----------+-------------------------------------------
     0 | D:1      | shklvsk the Troll Wanderer began the quest for the Orb.
     0 | D:1      | shklvsk set off with: a box of beasts, a scroll of teleportation, a +0 robe, a +0 club, 2 bread rations {@e1}
     0 | D:1      | Reached XP level 1. HP: 19/19 MP: 1/1
    69 | D:1      | Reached skill level 1 in Unarmed Combat
   116 | D:1      | Reached XP level 2. HP: 27/27 MP: 2/2
   132 | D:1      | Reached skill level 2 in Unarmed Combat
   665 | D:2      | Reached XP level 3. HP: 30/33 MP: 3/3
   725 | D:2      | Reached skill level 3 in Unarmed Combat
  1500 | D:3      | Reached XP level 4. HP: 41/41 MP: 4/4
  1727 | D:4      | Reached skill level 4 in Unarmed Combat
  1731 | D:4      | Noticed Grinder
  1840 | D:4      | Noticed an ogre
  1847 | D:4      | HP: 10/41 [ogre/giant club (21)]
  1888 | D:4      | Paralysed by Grinder for 2 turns
  2040 | D:4      | Noticed Blork the orc
  2093 | D:4      | Noticed Pikel
  2093 | D:4      | Noticed a slave
  2093 | D:4      | Noticed a slave
  2094 | D:4      | Noticed a slave
  2108 | D:4      | Reached XP level 5. HP: 32/48 MP: 5/5
  2126 | D:4      | Killed a slave
  2134 | D:4      | Killed a slave
  2283 | D:4      | Found a shadowy altar of Dithmenos.
  2284 | D:4      | Noticed a slave
  2302 | D:4      | Killed Pikel
  2302 | D:4      | Reached skill level 3 in Fighting
  2302 | D:4      | Reached skill level 6 in Unarmed Combat
  2302 | D:4      | Reached XP level 6. HP: 46/61 MP: 6/6
  2302 | D:4      | Reached XP level 7. HP: 51/67 MP: 7/7
  2354 | D:4      | Noticed a hippogriff
  2448 | D:4      | Killed Grinder
  2448 | D:4      | Reached skill level 7 in Unarmed Combat
  2692 | D:5      | Entered Level 5 of the Dungeon
  2703 | D:5      | Found Lesen's Antique Weapon Boutique.
  2747 | D:5      | Reached XP level 8. HP: 31/78 MP: 8/8
  2943 | D:5      | Reached skill level 8 in Unarmed Combat
  3081 | D:5      | Found a staircase to the Ecumenical Temple.
  3092 | D:5      | Reached skill level 4 in Fighting
  3100 | Temple   | Entered the Ecumenical Temple
  3334 | Temple   | Became a worshipper of Cheibriados the Contemplative
  4308 | D:7      | Reached skill level 2 in Dodging
  4379 | D:7      | Reached * piety under Cheibriados
  4467 | D:7      | Reached skill level 9 in Unarmed Combat
  4482 | D:7      | Found a burning altar of Makhleb.
  4482 | D:7      | Noticed a balrug
  4595 | D:7      | Reached skill level 3 in Dodging
  4595 | D:7      | Reached skill level 1 in Invocations
  4595 | D:7      | Reached XP level 9. HP: 71/87 MP: 9/9
  4948 | D:7      | Paralysed by a hornet for 1 turns
  5043 | D:8      | Noticed a two-headed ogre
  5067 | D:7      | Reached skill level 5 in Fighting
  5067 | D:7      | Reached skill level 2 in Invocations
  5213 | D:8      | Killed a two-headed ogre
  5213 | D:8      | Reached ** piety under Cheibriados
  5213 | D:8      | Reached skill level 10 in Unarmed Combat
  5213 | D:8      | Reached skill level 3 in Invocations
  5392 | D:8      | Reached skill level 4 in Invocations
  5559 | D:8      | Found a staircase to the Lair.
  5687 | D:8      | Reached skill level 4 in Dodging
  5687 | D:8      | Reached XP level 10. HP: 71/98 MP: 12/12
  5802 | D:8      | HP: 24/98 [poisoned by a killer bee]
  5805 | D:8      | Reached *** piety under Cheibriados
  6166 | D:8      | Paralysed by a hornet for 2 turns
  6505 | D:8      | Reached skill level 11 in Unarmed Combat
  6505 | D:8      | Reached skill level 5 in Invocations
  6840 | D:9      | Reached **** piety under Cheibriados
  7016 | D:9      | Found a bloodstained altar of Trog.
  7019 | D:9      | Reached skill level 6 in Fighting
  7023 | D:9      | Reached skill level 1 in Armour
  7158 | D:9      | Noticed a queen ant
  7163 | D:9      | Reached ***** piety under Cheibriados
  7189 | D:9      | Killed a queen ant
  7189 | D:9      | Reached skill level 6 in Invocations
  7338 | D:9      | Reached skill level 2 in Armour
  7501 | D:9      | Reached XP level 11. HP: 105/105 MP: 14/14
  7536 | D:9      | Found Ygingul's Jewellery Boutique.
  7544 | D:9      | Bought a cursed amulet of inaccuracy for 32 gold pieces
  7794 | D:10     | Entered Level 10 of the Dungeon
  7798 | D:10     | Found a staircase to the Orcish Mines.
  7801 | D:10     | Identified a scroll of acquirement
  8009 | D:10     | Reached skill level 5 in Dodging
  8109 | D:10     | Reached ****** piety under Cheibriados
  8137 | D:10     | Noticed a two-headed ogre
  8141 | D:10     | Killed a two-headed ogre
  8621 | D:11     | Reached skill level 12 in Unarmed Combat
  8744 | D:11     | Noticed a two-headed ogre
  8771 | D:11     | Noticed a red ugly thing
  8779 | D:11     | Killed a red ugly thing
  8779 | D:11     | Reached skill level 7 in Invocations
  8787 | D:11     | Reached skill level 2 in Evocations
  8949 | D:11     | Killed a two-headed ogre
  8949 | D:11     | Reached skill level 3 in Armour
  8998 | D:11     | Paralysed by a hornet for 3 turns
  9006 | D:11     | HP: 26/107 [poisoned by a hornet]
  9011 | D:11     | HP: 24/107 [poisoned by a hornet]
  9016 | D:11     | HP: 24/107 [poisoned by a hornet]
  9022 | D:11     | HP: 25/107 [poisoned by a hornet]
  9423 | D:11     | Reached skill level 7 in Fighting
  9501 | D:11     | HP: 22/109 [troll (13)]
  9579 | D:11     | Noticed a two-headed ogre
  9593 | D:11     | Killed a two-headed ogre
  9593 | D:11     | Reached skill level 3 in Evocations
 10012 | D:11     | Reached XP level 12. HP: 114/118 MP: 16/16
 10884 | D:12     | HP: 18/118 [cyan ugly thing (13)]
 10885 | D:12     | Slain by a cyan ugly thing

Skill      XL: |  1  2  3  4  5  6  7  8  9 10 11 |
---------------+----------------------------------+-----
Unarmed Combat | 1 2 3 4 6 7 9 10 11 12 | 12.4
Fighting       | 3 4 5 6 7 |  7.1
Dodging        | 3 4 5 |  5.8
Invocations    | 1 4 6 7 |  7.9
Armour         | 2 3 |  3.6
Evocations     | 3 |  3.1
Short Blades   | |  1.0
Shields        | |  1.0
Spellcasting   | |  1.0
Charms         | |  1.2
Air Magic      | |  1.2

Action                   |  1- 3 |  4- 6 |  7- 9 | 10-12 || total
-------------------------+-------+-------+-------+-------++-------
Melee: Unarmed           |   130 |    64 |   243 |   405 ||   842
       Punch             |     2 |       |     4 |    36 ||    42
Invok: Slouch            |       |       |       |     7 ||     7
  Use: Scroll            |     4 |     3 |     9 |     5 ||    21
       Potion            |       |     1 |     1 |     4 ||     6
 Stab: Sleeping          |     1 |       |       |     3 ||     4
       Distracted        |       |       |       |     1 ||     1
  Eat: Chunk             |     7 |     3 |    26 |    18 ||    54
       Meat ration       |     1 |       |       |       ||     1
       Bread ration      |       |     1 |     4 |     2 ||     7
Armor: Robe              |    44 |     3 |    44 |    90 ||   181
       Skin              |       |       |     5 |       ||     5
Dodge: Dodged            |    47 |    31 |   152 |   425 ||   655

Vault maps used:
D:1:      scummos_arrival_simple_fountains
D:2:      minmay_hedge_maze
D:4:      serial_aquarium, aquarium_bridge_square, aquarium_bridge_long_joined,
          aquarium_window_fake, aquarium_window_1, aquarium_view_2b,
          grunt_dithmenos_smoke_and_mirrors, uniq_pikel, uniq_blork_the_orc,
          uniq_grinder
D:5:      minmay_temple_entry_crystal_x, first_bread, serial_shops, shop
D:7:      makhleb_altar_promises_db
D:8:      lair_entry_dummy, serial_park_tiny_1, hangedman_pestilent_swarm
D:9:      serial_shops, shop, basic_altar, zaba_anthell
D:10:     orc_0_dummy, billiards_dpeg
D:11:     minmay_bent
D:12:     serial_shops, nicolae_shop_overgrown_old_shop, grunt_ministairs_4,
          lightli_minifort, uniq_sonja
Temple:   roderic_octagonal_lattice_temple

Table legend:
 A = Turns spent in this place as a percentage of turns spent in the entire game.
 B = Non-inter-level travel turns spent in this place as a percentage of non-inter-level travel turns spent in the entire game.
 C = Inter-level travel turns spent in this place as a percentage of turns spent in this place.
 D = Turns resting spent in this place as a percentage of non-inter-level travel turns spent in this place.
 E = Turns spent auto-exploring this place as a percentage of non-inter-level travel turns spent in this place.
 F = Non-inter-level travel turns spent in this place divided by the number of levels of this place that you've seen.
                   A       B       C       D       E      F
               +-------+-------+-------+-------+-------+----------------------
         Total | 100.0 | 100.0 |   1.1 |   5.0 |  13.0 | 219.4
       Dungeon |  99.0 |  99.0 |   1.1 |   5.1 |  12.2 | 235.3
        Temple |   1.0 |   1.0 |   6.7 |   0.0 |  89.3 |  28.0
               +-------+-------+-------+-------+-------+----------------------

Table legend:
 A = Kills in this place as a percentage of kills in entire the game.
 B = Kills by you in this place as a percentage of kills by you in the entire game.
 C = Kills by friends in this place as a percentage of kills by friends in the entire game.
 D = Other kills in this place as a percentage of other kills in the entire game.
 E = Experience gained in this place as a percentage of experience gained in the entire game.
 F = Experience gained in this place divided by the number of levels of this place that you have seen.
                   A       B       C       D       E      F
               +-------+-------+-------+-------+-------+----------------------
         Total | 100.0 | 100.0 |  -nan |  -nan | 100.0 | 1767.2
       Dungeon | 100.0 | 100.0 |  -nan |  -nan | 100.0 | 1914.4
               +-------+-------+-------+-------+-------+----------------------
